 Dungeon Crawl Stone Soup version 0.23.1 (webtiles) character file.

Game seed: 10984879787279361125

151 Borgoz the Sneak (level 5, -1/40 HPs)
             Began as a Ghoul Enchanter on Mar 3, 2019.
             Slain by an orc
             ... wielding a +0 hand axe
              (7 damage)
             ... on level 3 of the Dungeon.
             The game lasted 00:03:33 (2370 turns).

Borgoz the Sneak (Ghoul Enchanter)                  Turns: 2370, Time: 00:03:34

Health: -1/40      AC:  4    Str: 12    XL:     5   Next: 33%
Magic:  15/15      EV: 12    Int: 10    God:
Gold:   128        SH:  0    Dex: 10    Spells: 6/7 levels left

rFire    . . .     SeeInvis .   n - +3 short sword (venom)
rCold    + . .     Gourm    .   (no shield)
rNeg     + + +     Faith    .   g - +0 leather armour
rPois    ∞         Spirit   .   (no helmet)
rElec    .         Reflect  .   r - +0 cloak
rCorr    .         Harm     .   (no gloves)
MR       .....                  (no boots)
Stlth    ++........             (no amulet)
HPRegen  0.00/turn              c - ring of magical power
MPRegen  0.14/turn              (no ring)

@: rotting
A: rotting body, claws 1, carnivore, cold resistance 1, negative energy
resistance 3, inhibited regeneration, torment resistance, unbreathing
a: no special abilities


You were on level 3 of the Dungeon.
You were not hungry.

You visited 1 branch of the dungeon, and saw 3 of its levels.

You collected 128 gold pieces.

Inventory:

Hand Weapons
 n - a +3 short sword of venom (weapon)
Armour
 g - a +0 leather armour (worn)
 r - a +0 cloak (worn)
Jewellery
 a - an uncursed ring of positive energy {unknown}
 c - a ring of magical power (left claw)
Wands
 i - a wand of polymorph (7)
Scrolls
 e - a scroll of fog {unknown}
 f - a scroll of enchant armour {unknown}
 h - a scroll of amnesia {unknown}
 j - a scroll of noise {unknown}
 k - 2 scrolls of blinking {unknown}
 l - 2 scrolls of teleportation {unknown}
 q - 2 scrolls of remove curse {unknown}
Potions
 b - 2 potions of curing
 m - a potion of ambrosia {unknown}
 p - a potion of might
Comestibles
 d - 9 rations


   Skills:
 + Level 1.5 Fighting
 * Level 2.3 Short Blades
 + Level 1.3 Armour
 * Level 3.1 Dodging
 + Level 4.0 Stealth
 - Level 1.7 Spellcasting
 - Level 2.4 Hexes


You had 6 spell levels left.
You knew the following spells:

 Your Spells              Type           Power        Failure   Level  Hunger
a - Corona                Hex            #......      16%         1    ##.....

Your spell library contained the following spells:

 Spells                   Type           Power        Failure   Level  Hunger
 Ensorcelled Hibernation  Hex/Ice        #.....       36%         2    ###....
 Confuse                  Hex            #.......     41%         3    ####...
 Tukima's Dance           Hex            #.......     41%         3    ####...
 Dazzling Spray           Conj/Hex       #.....       58%         3    ####...


Dungeon Overview and Level Annotations

Branches:
Dungeon (3/15)

Altars:


Innate Abilities, Weirdness & Mutations

Your body is rotting away.
You thrive on raw meat.
You are immune to poison.
You have sharp fingernails.
You are carnivorous and can eat meat at any time.
Your flesh is cold resistant. (rC+)
You are immune to negative energy. (rN+++)
You do not regenerate when monsters are visible.
You are immune to unholy pain and torment.
You can survive without breathing.


Message History

Eat one of 2 chunks of flesh? (ye/n/q)
You eat one of the 2 chunks of flesh.
This raw flesh tastes great!
The adder bites you but does no damage. The adder bites you.
* * * LOW HITPOINT WARNING * * *
Eat a chunk of flesh? (ye/n/q)
You eat the chunk of flesh.
This raw flesh tastes great!
The adder bites you.
You hit the adder.
The adder is poisoned.
The adder is moderately wounded.
The adder misses you.
You hit the adder.
The adder is almost dead.
The adder closely misses you.
You barely miss the adder.
The adder is almost dead.
You kill the adder!
You barely miss the orc. The orc barely misses you.
You closely miss the orc. The orc hits you with a +0 hand axe!
* * * LOW HITPOINT WARNING * * *
You barely miss the orc. The orc hits you with a +0 hand axe!
You die...

##..# ##.##
##.# ...#
.#..# #.###
...# .##.#
#...# ...
b.#.#
###.#.
..##.#.#
#.##..
..#.### ###
#..###.#..#
#....[#..#
#.)o@.#
#####.#
#).# #.##
#.# #.#
##.# #..#
#.##


You could see an orc and a bat.

Vanquished Creatures
  2 orc priests (D:3)
  3 adders
  2 worms (D:2)
  2 dart slugs (D:2)
  4 leopard geckos (D:2)
  An orc (D:3)
  8 bats
  3 giant cockroaches
  2 hobgoblins (D:2)
  3 jackals (D:1)
  6 kobolds
  2 quokkas
  5 frilled lizards
  4 goblins
  6 rats
53 creatures vanquished.

Notes
Turn   | Place    | Note
-------+----------+-------------------------------------------
     0 | D:1      | Borgoz the Ghoul Enchanter began the quest for the Orb.
     0 | D:1      | Reached XP level 1. HP: 14/14 MP: 2/2
   128 | D:1      | Reached skill level 1 in Short Blades
   416 | D:1      | Reached XP level 2. HP: 16/22 MP: 3/3
   877 | D:2      | Reached XP level 3. HP: 25/27 MP: 4/4
  1480 | D:2      | Reached skill level 1 in Fighting
  1718 | D:2      | Reached XP level 4. HP: 22/35 MP: 5/5
  2105 | D:3      | Found a faded altar of an unknown god.
  2111 | D:3      | Reached skill level 1 in Armour
  2360 | D:3      | Reached skill level 4 in Stealth
  2360 | D:3      | Reached XP level 5. HP: 8/40 MP: 6/6
  2370 | D:3      | Slain by an orc

Skill      XL: |  1  2  3  4 |
---------------+-------------+-----
Short Blades   | 1 2 |  2.3
Dodging        | 2 3 |  3.1
Fighting       | 1 |  1.5
Armour         | 1 |  1.3
Stealth        | 4 |  4.0
Spellcasting   | |  1.7
Hexes          | |  2.4

Action                   |  1- 3 |  4- 6 || total
-------------------------+-------+-------++-------
Melee: Dagger            |    94 |       ||    94
       Short sword       |    13 |    44 ||    57
  Use: Scroll            |       |     4 ||     4
 Stab: Sleeping          |     4 |     2 ||     6
  Eat: Chunk             |     4 |     4 ||     8
Armor: Leather armour    |    29 |    10 ||    39
       Robe              |     2 |       ||     2
Dodge: Dodged            |    87 |    26 ||   113
